 Dungeon Crawl Stone Soup version 0.26-a0-474-gfaca0e1de5 (webtiles) character file.

Game seed: 1675459873822483290

7775 Bikalo the Fighter (level 11, 0/99 HPs)
             Began as a Palentonga Fighter on July 31, 2020.
             Was a High Priest of Okawaru.
             Succumbed to Sonja's poison
             ... on level 10 of the Dungeon.
             The game lasted 00:24:16 (14427 turns).

Bikalo the Fighter (Palentonga Fighter)            Turns: 14427, Time: 00:24:17

Health: 0/99       AC: 14    Str: 22    XL:     11   Next: 1%
Magic:  11/11      EV:  7    Int:  8    God:    Okawaru [*****.]
Gold:   577        SH: 11    Dex: 12    Spells: 10/10 levels left

rFire    . . .     SeeInvis +   p - +0 broad axe of Conflict {drain, rPois Dex-5 SInv Stlth+, P}
rCold    . . .     Faith    .   c - +0 kite shield
rNeg     + . .     Spirit   .   J - +2 scale mail {rPois}
rPois    +         Reflect  .   G - +1 hat
rElec    .         Harm     .   s - +2 cloak
rCorr    .                      (no gloves)
MR       .....                  (boots restricted)
Stlth    +.........             t - amulet of regeneration
HPRegen  0.26/turn              k - ring of positive energy
MPRegen  0.12/turn              y - +6 ring of dexterity

@: lethally poisoned (0 -> -9), hasted, very quick
A: large, rugged brown scales 3, see invisible, deformed body, roll, armoured
tail
a: Rolling Charge, Heroism, Finesse, Renounce Religion


You were on level 10 of the Dungeon.
You worshipped Okawaru.
Okawaru was extremely pleased with you.
You visited 2 branches of the dungeon, and saw 11 of its levels.

You collected 577 gold pieces.

Inventory:

Hand Weapons
 a - a +0 war axe
 p - the +0 broad axe of Conflict (weapon) {drain, rPois Dex-5 SInv Stlth+, P}
   (You found it on level 4 of the Dungeon)

   A truly terrible weapon, it drains the life of those it strikes.
   It affects your dexterity (-5).
   It protects you from poison.
   It lets you see invisible.
   It makes you more stealthy.
Armour
 b - a +2 scale mail of magic resistance
 c - a +0 kite shield (worn)
 s - a +2 cloak (worn)
 G - a +1 hat (worn)
 J - a +2 scale mail of poison resistance (worn)
Jewellery
 k - a ring of positive energy (left hand)
 q - an uncursed ring of positive energy
 t - an amulet of regeneration (around neck)
 u - an uncursed ring of stealth
 v - an uncursed amulet of reflection
 y - a +6 ring of dexterity (right hand)
 L - an uncursed ring of protection from cold {unknown}
Wands
 H - a wand of flame (14)
Scrolls
 f - 4 scrolls of teleportation
 g - 10 scrolls of identify
 h - a scroll of blinking {unknown}
 i - a scroll of enchant armour {unknown}
 j - 4 scrolls of magic mapping
 n - a scroll of fear {unknown}
 o - 2 scrolls of immolation {unknown}
 z - a scroll of noise {unknown}
 A - 2 scrolls of remove curse
 C - a scroll of acquirement {unknown}
 F - a scroll of enchant weapon {unknown}
 I - a scroll of amnesia {unknown}
 K - a scroll of random uselessness {unknown}
Potions
 d - a potion of might
 e - 2 potions of stabbing {unknown}
 l - 3 potions of heal wounds {unknown}
 m - 2 potions of flight {unknown}
 r - 2 potions of berserk rage {unknown}
 w - a potion of degeneration {unknown}
 B - 2 potions of mutation {unknown}
 D - a potion of haste
 E - a potion of ambrosia {unknown}


   Skills:
 * Level 11.1 Fighting
 + Level 7.9 Axes
 + Level 6.8 Armour
 + Level 6.8 Shields


You had 10 spell levels left.
You didn't know any spells.
Your spell library contained the following spells:

 Spells                   Type           Power        Failure   Level
 Animate Skeleton         Necr           #.....       86%         1
 Apportation              Tloc           #.....       86%         1
 Corona                   Hex            #......      86%         1
 Summon Small Mammal      Summ           #...         86%         1


Dungeon Overview and Level Annotations

Branches:
Dungeon (10/15)            Temple (1/1) D:6            Lair (0/6) D:8
    Orc: D:9-12

Altars:
Ashenzari
Cheibriados
Dithmenos
Elyvilon
Fedhas
Gozag
Hepliaklqana
Kikubaaqudgha
Makhleb
Nemelex Xobeh
Okawaru
Qazlal
Ru
Sif Muna
Trog
Uskayaw
Vehumet
Wu Jian
Xom
Yredelemnul
Zin
The Shining One

Shops:
D:6 *


Innate Abilities, Weirdness & Mutations

You are completely covered in rugged brown scales. (AC +3, +7% HP)
You have supernaturally acute eyesight. (SInv)
Armour fits poorly on your strangely shaped body.
You can roll at foes to attack.
You have a long armoured tail.


Message History

* * * LOW HITPOINT WARNING * * *
You feel sick.
You finish putting on your uncursed amulet of regeneration.
The amulet cannot attune itself to your injured body.
t - an amulet of regeneration (around neck)
* * * LOW HITPOINT WARNING * * *
You feel sick.
* * * LOW HITPOINT WARNING * * *
You feel sick.
* * * LOW HITPOINT WARNING * * *
You feel sick.
* * * LOW HITPOINT WARNING * * *
You feel sick.
* * * LOW HITPOINT WARNING * * *
You feel sick.
* * * LOW HITPOINT WARNING * * *
You feel sick.
* * * LOW HITPOINT WARNING * * *
You feel sick.
You die...

.....# ....# #. #..(# #..
#...'.......
#..##...#.....$.
#.......#.......
#+#.......#.......
########........@#.......
..#....#.........#.......
#.#....#.....#)))#..(....
#.#....#.....#)..'.......
#.'....#..)..#...#'###'##
#.#....#.(...#..........
..#....#...(.#..........
..#....'.....(..(.#......
###....##########.#......


There were no monsters in sight!

Vanquished Creatures
  2 two-headed ogres
  Sonja (D:10)
  A troll (D:10)
  A hornet (D:10)
  2 hippogriffs
  8 yaks
  5 orc warriors
  2 ice beasts
  A sky beast (D:7)
  An eye of draining (D:10)
  A necrophage (D:5)
  2 phantoms
  2 black bears
  2 ogres
  6 centaurs
  Blork the orc (D:6)
  7 bullfrogs
  A wyvern skeleton (D:6)
  3 scorpions
  4 howler monkeys
  A centaur zombie (D:8)
  7 orc priests
  5 hounds
  13 orc wizards
  A quasit (D:8)
  Crazy Yiuf (D:3)
  A jelly (D:7)
  A bullfrog skeleton (D:5)
  An iguana (D:2)
  6 worker ants
  A hound zombie (D:5)
  2 hound skeletons
  2 worker ant zombies
  6 adders
  A howler monkey skeleton (D:10)
  5 worms
  2 dart slugs
  2 leopard geckos
  31 orcs
  2 giant cockroaches
  6 goblins
  4 hobgoblins
  12 jackals
  7 quokkas
  2 ball pythons
  3 bats (D:2)
  3 frilled lizards
  11 kobolds
  A leopard gecko zombie (D:6)
  A quokka skeleton (D:4)
  A quokka zombie (D:8)
  5 rats
200 creatures vanquished.

Vanquished Creatures (others)
  An orc (D:5)
1 creature vanquished.

Grand Total: 201 creatures vanquished

Notes
Turn   | Place    | Note
-------+----------+-------------------------------------------
     0 | D:1      | Bikalo the Palentonga Fighter began the quest for the Orb.
     0 | D:1      | Reached XP level 1. HP: 19/19 MP: 1/1
   708 | D:1      | Reached XP level 2. HP: 16/25 MP: 2/2
  1788 | D:2      | Reached XP level 3. HP: 25/31 MP: 3/3
  2882 | D:3      | Found a shadowy altar of Dithmenos.
  3002 | D:3      | Reached XP level 4. HP: 38/39 MP: 4/4
  3015 | D:3      | Reached skill level 4 in Fighting
  3764 | D:3      | Found a runed translucent door.
  3765 | D:3      | Noticed Crazy Yiuf
  3775 | D:3      | Killed Crazy Yiuf
  4067 | D:3      | Reached XP level 5. HP: 43/46 MP: 5/5
  4122 | D:4      | Got a bone broad axe
  4134 | D:4      | Noticed an ogre
  4545 | D:2      | Identified the cursed +0 broad axe of Conflict {drain,
                  | rPois Dex-5 SInv Stlth+} (You found it on level 4 of the
                  | Dungeon)
  4553 | D:3      | Killed an ogre
  4553 | D:3      | Reached XP level 6. HP: 6/53 MP: 6/6
  4555 | D:3      | Reached skill level 5 in Fighting
  6077 | D:4      | Reached XP level 7. HP: 57/59 MP: 7/7
  6090 | D:5      | Entered Level 5 of the Dungeon
  6240 | D:5      | Reached skill level 6 in Fighting
  7161 | D:5      | Found a hide-covered altar of Uskayaw.
  7736 | D:6      | Found a hazy altar of Hepliaklqana.
  7747 | D:6      | Reached XP level 8. HP: 57/67 MP: 8/8
  8072 | D:6      | Reached skill level 7 in Fighting
  8173 | D:6      | Found Nipteang's General Store.
  8202 | D:6      | Reached skill level 5 in Axes
  8257 | D:6      | Noticed Blork the orc
  8264 | D:6      | Killed Blork the orc
  8410 | D:6      | Found a staircase to the Ecumenical Temple.
  8432 | Temple   | Entered the Ecumenical Temple
  8547 | Temple   | Became a worshipper of Warmaster Okawaru
  9401 | D:7      | Reached skill level 8 in Fighting
  9416 | D:7      | Reached skill level 5 in Armour
  9416 | D:7      | Reached XP level 9. HP: 37/77 MP: 9/9
  9435 | D:7      | Reached skill level 5 in Shields
  9841 | D:7      | Found a sparkling altar of Nemelex Xobeh.
 10567 | D:8      | Found a staircase to the Lair.
 10595 | D:8      | Noticed a two-headed ogre
 11587 | D:8      | Killed a two-headed ogre
 11587 | D:8      | Reached * piety under Okawaru
 11587 | D:8      | Reached skill level 9 in Fighting
 11871 | D:8      | Found a bloodstained altar of Trog.
 12103 | D:8      | Reached ** piety under Okawaru
 12239 | D:9      | Noticed a two-headed ogre
 12246 | D:9      | Killed a two-headed ogre
 12246 | D:9      | Reached XP level 10. HP: 44/88 MP: 10/10
 12663 | D:9      | Found a basalt altar of Yredelemnul.
 12667 | D:9      | Found a shimmering altar of Xom.
 12672 | D:9      | Found an ornate altar of the Wu Jian Council.
 12672 | D:9      | Found a blossoming altar of Fedhas.
 12677 | D:9      | Found a shimmering blue altar of Sif Muna.
 12702 | D:9      | Reached *** piety under Okawaru
 12702 | D:9      | Reached skill level 10 in Fighting
 12714 | D:10     | Entered Level 10 of the Dungeon
 13891 | D:10     | Noticed Sonja
 14215 | D:10     | Reached **** piety under Okawaru
 14341 | D:10     | Reached skill level 11 in Fighting
 14406 | D:10     | Killed Sonja
 14406 | D:10     | Reached ***** piety under Okawaru
 14406 | D:10     | Reached XP level 11. HP: 29/99 MP: 11/11
 14422 | D:10     | HP: 4/99 [poisoned by Sonja]
 14425 | D:10     | HP: 1/99 [poisoned by Sonja]
 14427 | D:10     | Succumbed to Sonja's poison

Illustrated notes

Levels and vault maps discovered:
D:1:      lightli_arrival_boilingwater, layout_loops_ring
D:2:      layout_loops_ring
D:3:      layout_rooms, grunt_dithmenos_smoke, uniq_crazy_yiuf_cottage
D:4:      layout_rooms
D:5:      layout_basic, lemuel_coloured_pillars_altar, enter_ossuary_1
D:6:      layout_basic, lemuel_round_altar, minmay_temple_entry_mini_moons,
          serial_shops, shop, grunt_ministairs_7, hangedman_decor_push,
          uniq_blork_the_orc
D:7:      layout_basic, overflow_temple_1_default, dk_noncrumbling_4
D:8:      layout_loops_cross, nicolae_overflow_crystal_walls, lair_entry_dummy
D:9:      layout_stronghold, minitemple
D:10:     layout_stronghold, uniq_sonja
Temple:   nicolae_temple_god_jail

Skill      XL: |  1  2  3  4  5  6  7  8  9 10 |
---------------+-------------------------------+-----
Fighting       | 4 5 6 8 9 11 | 11.1
Armour         | 3 4 5 6 |  6.8
Axes           | 3 4 5 6 7 |  7.9
Shields        | 3 4 6 |  6.8

Action                   |  1- 3 |  4- 6 |  7- 9 | 10-12 || total
-------------------------+-------+-------+-------+-------++-------
Melee: War axe           |   150 |    34 |       |       ||   184
       Tailslap          |    15 |     3 |    39 |    20 ||    77
       Broad axe         |       |    54 |   290 |   155 ||   499
Invok: Heroism           |       |       |       |     1 ||     1
 Abil: Rolling Charge    |    22 |     4 |    12 |     8 ||    46
  Use: Potion            |       |     4 |     1 |     3 ||     8
       Scroll            |       |     3 |     2 |     2 ||     7
Armor: Scale mail        |    60 |    50 |   116 |    92 ||   318
Dodge: Dodged            |    37 |    34 |    60 |    39 ||   170
Block: Kite shield       |    62 |    69 |   233 |   146 ||   510
       Reflection        |       |       |    14 |    10 ||    24

Table legend: (Time is in decaauts)
 A = Elapsed time spent in this place.
 B = Non-inter-level travel time spent in this place.
 C = Inter-level travel time spent in this place.
 D = Time resting spent in this place.
 E = Time spent auto-exploring this place.
 F = Levels seen in this place.
 G = Mean time per level.
                   A        B        C        D        E       F      G
               +--------+--------+--------+--------+--------+-----+--------+
         Total |  14696 |  14191 |    505 |   6047 |   6435 |  11 | 1336.0 |
       Dungeon |  14564 |  14076 |    488 |   6047 |   6339 |  10 | 1456.4 |
        Temple |    132 |    115 |     17 |      0 |     96 |   1 |  132.0 |
               +--------+--------+--------+--------+--------+-----+--------+

Top non-repeatable levels by time:
     D:3: 2445 daAuts
     D:7: 2335 daAuts
     D:1: 1736 daAuts
     D:5: 1502 daAuts
     D:2: 1376 daAuts
     D:6: 1240 daAuts
     D:9: 1162 daAuts
    D:10: 1097 daAuts
     D:8: 1023 daAuts
     D:4: 645 daAuts
  Temple: 132 daAuts
